 Dungeon Crawl Stone Soup version 0.17.0 (webtiles) character file.

4880 Eucla the Fighter (level 10, -1/65 HPs)
             Began as a Gargoyle Berserker on Nov 10, 2015.
             Was a High Priest of Trog.
             Slain by an ancient zyme (8 damage)
             ... on level 1 of the Abyss.
             The game lasted 00:12:44 (8174 turns).

Eucla the Fighter (Gargoyle Berserker)              Turns: 8174, Time: 00:12:44

Health: -1/65      AC: 23    Str: 21    XL:     10   Next: 50%
Magic:  10/10      EV:  9    Int:  8    God:    Trog [*****.]
Gold:   605        SH:  0    Dex: 12    Spells: 0 memorised, 9 levels left

rFire  . . .     SeeInvis .     D - +2 flail (holy)
rCold  . . .     Clarity  .     y - +0 plate armour
rNeg   + . .     SustAt   .     (no shield)
rPois  ∞         Gourm    .     (no helmet)
rElec  +         Spirit   .     l - +1 cloak {MR+}
rCorr  .         Warding  .     (no gloves)
rMut   .         Stasis   .     (no boots)
MR     ++...                    (no amulet)
Stlth  ..........               (no ring)
                                C - ring of protection from magic

@: very resistant to hostile enchantments, extremely unstealthy
A: negative energy resistance 1, electricity resistance, unbreathing,
petrification resistance, rot immunity, AC +7
a: Berserk, Trog's Hand, Brothers in Arms, Burn Spellbooks, Renounce Religion


You were on level 1 of the Abyss.
You worshipped Trog.
Trog was extremely pleased with you.
You were not hungry.

You visited 1 branch of the dungeon, and saw 8 of its levels.
You visited the Abyss 1 time.
You also visited: Sewer.

You collected 605 gold pieces.

Inventory:

Hand Weapons
 a - a +1 mace
 D - a +2 flail of holy wrath (weapon)
 F - the +1 demon whip "Genan" {venom, +Inv MR+}
   (Trog gifted it to you on level 7 of the Dungeon)

   It poisons the flesh of those it strikes.
   It affects your resistance to hostile enchantments.
   It lets you turn invisible.
Armour
 b - a +0 animal skin
 l - a +1 cloak of magic resistance (worn)
 s - a +0 cloak
 v - a +0 scale mail
 x - a troll hide {Purgy}
 y - a +0 plate armour (worn)
Jewellery
 C - a ring of protection from magic (left hand)
 J - a cursed ring of teleportation {unknown}
Wands
 f - a wand of polymorph (6)
 p - a wand of polymorph (16)
 w - a wand of cold (8)
 I - a wand of flame (18)
Scrolls
 d - 4 scrolls of teleportation {unknown}
 i - 4 scrolls of identify
 n - 2 scrolls of blinking
 o - 3 scrolls of enchant weapon
 B - a scroll of remove curse
 E - a scroll of magic mapping
 K - a scroll of immolation {unknown}
Potions
 e - 2 potions of degeneration
 g - a potion of lignification
 j - a potion of might
 k - 2 potions of haste
 m - a potion of ambrosia {unknown}
 q - 2 potions of heal wounds {unknown}
 r - a potion of flight {unknown}
 t - 2 potions of brilliance {unknown}
 u - 6 potions of curing {unknown}
 z - a potion of poison {unknown}
Books
 h - a book of Cantrips

   Spells                             Type                      Level
   a - Corona                         Hexes                        1
   b - Animate Skeleton               Necromancy                   1
   c - Summon Small Mammal            Summoning                    1
   d - Apportation                    Translocation                1
   Trog disapproves of the use of such an item.
Comestibles
 c - 6 bread rations
 A - 2 beef jerkies
 G - 2 fruits


   Skills:
 + Level 8.8 Fighting
 + Level 8.3 Maces & Flails
 + Level 8.6 Armour
 + Level 6.6 Dodging


You had 9 spell levels left.
You didn't know any spells.

Dungeon Overview and Level Annotations

Branches:
Dungeon (8/15)             Temple (0/1) D:4
   Lair: D:8-11

Altars:
Fedhas
Gozag
Okawaru
Sif Muna
Xom
Yredelemnul
The Shining One
Jiyva

Shops:
D:4 =


Innate Abilities, Weirdness & Mutations

You are resistant to torment.
Your stone body is resilient (AC +7).
You are immune to poison.
You resist negative energy.
You are resistant to electric shocks.
You can survive without breathing.
You are immune to petrification.
You are immune to rotting.


Message History

The ancient zyme hits you but does no damage.
You are too injured to fight recklessly!
Unknown command.
You barely miss the ancient zyme.
The ancient zyme is almost destroyed.
The ancient zyme completely misses you.
The ancient zyme hits you but does no damage.
Unknown command.
You hit the ancient zyme.
The ancient zyme is almost destroyed.
The ancient zyme hits you.
* * * LOW HITPOINT WARNING * * *
The ancient zyme hits you but does no damage.
Unknown command.
You closely miss the ancient zyme.
The ancient zyme is almost destroyed.
The ancient zyme hits you.
* * * LOW HITPOINT WARNING * * *
The ancient zyme hits you!
You die...

.# ## # ≈≈##
. # ≈ ≈≈≈## .
#≈≈. ≈≈≈# .
≈.####
≈≈###.#
##..##8.8.8..
#....@x......
##..##8.8.8#.
. ≈.####
≈≈#### #≈≈.
..≈≈# . ##≈
≈≈≈## # ## .
###


You could see an ancient zyme.

Vanquished Creatures
  An ancient zyme (Abyss:1)
  4 flying skulls (Abyss:1)
  The ghost of Eucla the Chopper, an amateur MiGl (D:3)
  A steam dragon (D:6)
  A chaos spawn (Abyss:1)
  2 hippogriffs (D:7)
  Purgy (Sewer)
  A sky beast (D:8)
  A phantom (D:4)
  4 ogres
  An ice beast (D:6)
  4 giant frogs
  Blork the orc (D:5)
  4 big kobolds (D:3)
  A scorpion (D:8)
  A small abomination (Abyss:1)
  4 wights (D:7)
  3 crimson imps (D:5)
  3 hounds
  4 orc priests
  A centaur skeleton (D:5)
  A giant frog skeleton (D:7)
  A giant frog zombie (D:5)
  2 jellies (D:5)
  5 orc wizards
  An iguana (D:4)
  9 worker ants
  A hound skeleton (D:5)
  A hound zombie (D:7)
  A gnoll (D:8)
  6 adders
  A white imp (Abyss:1)
  An ufetubus (Abyss:1)
  4 oozes
  2 worms
  10 giant geckos
  12 orcs
  8 bats
  5 goblins
  11 hobgoblins
  21 jackals
  2 quokkas (D:3)
  A ball python (D:5)
  10 giant cockroaches
  A giant gecko skeleton (D:4)
  4 giant newts (D:1)
  A jackal skeleton (D:8)
  43 kobolds
  A quokka zombie (D:5)
  7 rats
217 creatures vanquished.

Vanquished Creatures (collateral kills)
  A large abomination (Abyss:1)
  An orange demon (Abyss:1)
  2 orc warriors (D:6)
  A water moccasin zombie (D:6)
  An orc priest (D:6)
  An orc wizard (D:6)
  An iron imp (Abyss:1)
  4 orcs (D:6)
12 creatures vanquished.

Vanquished Creatures (others)
  3 orc wizards
  5 sheep (D:3)
8 creatures vanquished.

Grand Total: 237 creatures vanquished

Notes
Turn   | Place    | Note
--------------------------------------------------------------
     0 | D:1      | Eucla the Gargoyle Berserker began the quest for the Orb.
     0 | D:1      | Reached XP level 1. HP: 14/14 MP: 1/1
   250 | D:1      | Reached XP level 2. HP: 17/19 MP: 2/2
   828 | D:2      | Reached XP level 3. HP: 13/24 MP: 3/3
   907 | D:2      | Reached ** piety under Trog
  1155 | D:2      | Found an opulent altar of Gozag.
  1758 | D:3      | You fall through a shaft for 2 floors!
  1758 | D:5      | Entered Level 5 of the Dungeon
  1758 | D:5      | Found a viscous altar of Jiyva.
  1764 | D:5      | Reached XP level 4. HP: 29/29 MP: 4/4
  1778 | D:5      | HP: 3/64 [acid (3)]
  1779 | D:5      | Reached skill level 4 in Fighting
  2163 | D:5      | Reached XP level 5. HP: 19/33 MP: 5/5
  2200 | D:4      | Noticed an ogre
  2209 | D:4      | Killed an ogre
  2255 | D:4      | Found a glowing drain.
  2273 | Sewer    | Entered a sewer
  2278 | Sewer    | Reached XP level 6. HP: 32/39 MP: 6/6
  2328 | Sewer    | Noticed Purgy
  2341 | Sewer    | Killed Purgy
  2432 | D:4      | Noticed an ogre
  2439 | D:4      | Killed an ogre
  2705 | D:4      | Found Jorut's Jewellery Shoppe.
  2736 | D:4      | Found a staircase to the Ecumenical Temple.
  2896 | D:4      | Found a blossoming altar of Fedhas.
  2943 | D:4      | Reached skill level 5 in Fighting
  2943 | D:4      | Reached XP level 7. HP: 25/44 MP: 7/7
  3206 | D:4      | Noticed an ogre
  3211 | D:4      | Killed an ogre
  3287 | D:4      | Noticed a phantom
  3351 | D:4      | Killed a phantom
  3351 | D:4      | Reached skill level 5 in Maces & Flails
  3739 | D:3      | Reached *** piety under Trog
  4006 | D:3      | Found a shimmering altar of Xom.
  4108 | D:3      | Noticed a big kobold
  4119 | D:3      | Killed a big kobold
  4119 | D:3      | Reached skill level 5 in Armour
  4170 | D:3      | Noticed a big kobold
  4178 | D:3      | Noticed a big kobold
  4184 | D:3      | Noticed a big kobold
  4205 | D:3      | Killed a big kobold
  4221 | D:3      | Noticed Eucla's ghost (amateur MiGl)
  4228 | D:3      | Killed a big kobold
  4228 | D:3      | Reached XP level 8. HP: 47/51 MP: 8/8
  4238 | D:3      | Killed Eucla's ghost
  4256 | D:3      | Killed a big kobold
  4256 | D:3      | Reached skill level 6 in Fighting
  4308 | D:3      | Reached **** piety under Trog
  4901 | D:5      | Found an iron altar of Okawaru.
  5105 | D:5      | Noticed Blork the orc
  5129 | D:5      | Killed Blork the orc
  5148 | D:5      | Found a glowing golden altar of the Shining One.
  5358 | D:5      | Reached XP level 9. HP: 54/56 MP: 9/9
  5613 | D:6      | Reached ***** piety under Trog
  5613 | D:6      | Reached skill level 5 in Dodging
  5668 | D:6      | Reached skill level 7 in Fighting
  6322 | D:6      | Found a deep blue altar of Sif Muna.
  7188 | D:7      | Found a basalt altar of Yredelemnul.
  7280 | D:7      | Received a gift from Trog
  7283 | D:7      | Got a jewelled demon whip {god gift}
  7284 | D:7      | Identified the +1 demon whip "Genan" {venom, +Inv MR+} (Trog gifted it to you on level 7 of the Dungeon)
  7526 | D:8      | Reached skill level 8 in Fighting
  7532 | D:8      | Reached XP level 10. HP: 59/64 MP: 10/10
  7719 | D:8      | Cast into the Abyss (gnoll sergeant)
  7744 | Abyss:1  | Found a sparkling altar of Nemelex Xobeh.
  7936 | Abyss:1  | Noticed a large abomination
  7955 | Abyss:1  | Killed a large abomination
  8169 | Abyss:1  | Noticed a tentacled starspawn
  8174 | Abyss:1  | Slain by an ancient zyme

Action                   |  1- 3 |  4- 6 |  7- 9 | 10-12 || total
-------------------------+-------+-------+-------+-------++-------
Melee: Mace              |   115 |    80 |   687 |       ||   882
       Flail             |       |       |    29 |    26 ||    55
       Demon whip        |       |       |    28 |    75 ||   103
Invok: Berserk           |       |     4 |     5 |     1 ||    10
       Trog's Hand       |       |       |     2 |       ||     2
       Burn Spellbooks   |       |       |     2 |       ||     2
       Brothers in Arms  |       |       |     1 |     2 ||     3
Evoke: Wand              |       |       |     2 |       ||     2
  Use: Potion            |       |     1 |     1 |       ||     2
       Scroll            |       |     8 |       |     1 ||     9
 Stab: Sleeping          |       |     1 |       |       ||     1
  Eat: Chunk             |     2 |       |     6 |       ||     8
       Meat ration       |       |     1 |     3 |     1 ||     5
       Royal jelly       |       |     1 |       |       ||     1
       Fruit             |       |     2 |       |       ||     2
       Pizza             |       |       |     1 |       ||     1
